AoeStats
← Chuleta

Arena

510032999Analyzed
4v4 RM · 4d ago on Sep 29, 2026· 55m 14s· 8 players
Game mode
Random Map
Map size
Large (8 player)
Population
200
Speed
Normal
Resources
Standard
Victory
Conquest
Starting age
Dark Age
Ending age
Imperial Age
RankedLock teamsTeams togetherTeam positionsShared explorationLock speedFull tech treeHidden civsTurbo modeCheats
Victory
Defeat
🇦🇷 Magyars · Argentina
1377
+13
🇵🇪 Spanish · Peru
1365
+14
🇲🇽 Hindustanis · Mexico
1347
+14
🇦🇷 Celts · Argentina
1230
+20
🇦🇷 Varangians · Argentina
1352
-17
🇦🇷 Slavs · Argentina
1329
-16
🇺🇸 Franks · United States
1277
-14
🇲🇽 Bohemians · Mexico
1271
-14
RedKing
9:45 Feudal Age
14:00 Castle Age
13:50 Double-Bit Axe
14:41 Loom
20:59 Horse Collar
21:10 Gold Mining
22:19 Scale Mail Armor
25:18 Forging
26:04 Town Watch
29:26 Wheelbarrow
34:05 Imperial Age
32:14 Grand Trunk Road
32:50 Iron Casting
33:03 Chain Mail Armor
33:54 Bow Saw
34:06 Heavy Plow
37:41 Hand Cart
38:27 Two-Man Saw
39:15 Scale Barding Armor
40:11 Blast Furnace
38:40 Heavy Camel Rider
39:21 Husbandry
39:31 Bloodlines
42:22 Gold Shaft Mining
43:10 Chain Barding Armor
45:22 Plate Barding Armor
44:48 Imperial Camel Rider
46:09 Stone Mining
47:11 Caravan
51:51 Conscription
53:33 Ballistics
53:08 Murder Holes
Chuleta
9:37 Feudal Age
9:02 Loom
14:17 Castle Age
12:48 Double-Bit Axe
15:25 Bow Saw
17:49 Horse Collar
18:55 Wheelbarrow
26:22 Heavy Plow
28:54 Imperial Age
27:03 Hand Cart
27:14 Gold Mining
28:35 Gold Shaft Mining
28:31 Stone Mining
29:17 Fortified Wall
31:46 Stone Shaft Mining
32:14 Ballistics
32:00 Siege Engineers
32:24 Capped Ram
33:24 Siege Ram
33:58 Town Watch
35:23 Chemistry
35:38 Conscription
35:29 Furor Celtica
35:08 Heavy Scorpion
38:08 Forging
37:59 Scale Mail Armor
38:43 Scale Mail Armor
39:23 Iron Casting
48:17 Town Patrol
48:50 Onager
49:00 Man-at-Arms
50:43 Blast Furnace
49:59 Chain Mail Armor
49:54 Gambesons
49:55 Arson
49:33 Long Swordsman
50:08 Two-Handed Swordsman
51:24 Plate Mail Armor
50:22 Pikeman
50:53 Halberdier
50:54 Champion
50:56 Siege Onager
PocaChota
10:30 Feudal Age
14:39 Castle Age
12:25 Double-Bit Axe
12:36 Horse Collar
16:05 Heavy Plow
16:17 Bow Saw
24:35 Loom
25:26 Wheelbarrow
25:12 Treadmill Crane
25:50 Fervor
25:55 Gold Mining
27:01 Hand Cart
29:41 Imperial Age
28:31 Gold Shaft Mining
27:52 Pikeman
28:48 Scale Mail Armor
28:58 Arson
29:27 Masonry
29:08 Stone Mining
30:16 Corvinian Army
29:43 Halberdier
31:50 Conscription
30:51 Elite Magyar Huszar
32:17 Chain Mail Armor
32:29 Scale Barding Armor
32:58 Bloodlines
32:48 Husbandry
34:13 Hoardings
35:34 Chain Barding Armor
36:55 Two-Man Saw
36:55 Plate Barding Armor
38:40 Parthian Tactics
37:36 Heavy Cavalry Archer
38:18 Recurve Bow
38:49 Fletching
39:51 Thumb Ring
40:39 Bodkin Arrow
41:06 Ballistics
41:46 Chemistry
41:15 Bodkin Arrow
41:45 Murder Holes
41:59 Bracer
46:48 Padded Archer Armor
46:57 Siege Engineers
48:53 Leather Archer Armor
54:06 Ring Archer Armor
55:10 Caravan
55:41 Coinage
Caramandunga robada
9:28 Feudal Age
10:00 Loom
13:16 Double-Bit Axe
13:11 Horse Collar
20:21 Castle Age
21:48 Wheelbarrow
21:31 Bow Saw
21:41 Heavy Plow
22:15 Fervor
22:41 Gold Mining
24:00 Scale Barding Armor
25:00 Sanctity
25:46 Hand Cart
25:48 Stone Mining
28:56 Stone Shaft Mining
34:04 Imperial Age
32:12 Forging
32:22 Chain Barding Armor
31:53 Pikeman
32:33 Squires
32:48 Bloodlines
33:27 Iron Casting
33:00 Husbandry
33:56 Arson
35:47 Two-Man Saw
34:25 Cavalier
36:15 Conscription
37:47 Blast Furnace
36:47 Scale Mail Armor
36:56 Scale Mail Armor
38:40 Chain Mail Armor
37:48 Halberdier
39:43 Paladin
41:01 Plate Barding Armor
40:58 Plate Mail Armor
41:46 Man-at-Arms
42:11 Gambesons
42:21 Long Swordsman
43:09 Two-Handed Swordsman
43:45 Champion
chiwire
11:03 Feudal Age
15:07 Castle Age
13:25 Double-Bit Axe
16:13 Bow Saw
18:56 Town Watch
19:01 Loom
22:55 Wheelbarrow
24:02 Gold Mining
25:43 Gold Shaft Mining
25:12 Stone Mining
29:25 Imperial Age
27:27 Scale Barding Armor
27:33 Forging
27:57 Hand Cart
29:03 Chain Barding Armor
29:35 Husbandry
29:38 Cavalier
30:56 Iron Casting
31:21 Paladin
33:33 Plate Barding Armor
34:00 Blast Furnace
33:37 Conscription
34:08 Scale Mail Armor
33:38 Elite Throwing Axeman
37:29 Chain Mail Armor
42:41 Plate Mail Armor
47:11 Light Cavalry
52:17 Fletching
53:13 Bodkin Arrow
SamSax
10:55 Feudal Age
15:26 Castle Age
14:44 Loom
16:10 Fletching
34:58 Double-Bit Axe
37:11 Wheelbarrow
36:51 Horse Collar
40:31 Bow Saw
40:26 Heavy Plow
41:09 Fervor
43:25 Pikeman
44:33 Squires
44:19 Arson
49:39 Imperial Age
49:23 Scale Mail Armor
51:28 Forging
CTM | Severo24cm
2:20 Loom
9:43 Feudal Age
13:54 Horse Collar
14:00 Double-Bit Axe
20:19 Castle Age
21:26 Bow Saw
21:54 Stone Mining
22:06 Heavy Plow
23:25 Fortified Wall
22:56 Treadmill Crane
24:41 Town Watch
25:58 Gold Mining
27:14 Wheelbarrow
29:21 Hand Cart
34:36 Imperial Age
33:24 Scale Mail Armor
33:34 Forging
33:38 Masonry
33:24 Murder Holes
33:50 Ballistics
33:42 Squires
33:28 Arson
34:35 Chain Mail Armor
34:58 Gothikon
35:30 Elite Varangian Guard
38:10 Chain Mail Armor
38:30 Iron Casting
38:49 Iron Casting
38:05 Fletching
39:03 Architecture
40:15 Plate Mail Armor
40:45 Blast Furnace
40:16 Scale Barding Armor
40:50 Light Cavalry
41:41 Bloodlines
41:31 Husbandry
42:10 Chain Barding Armor
41:46 Bodkin Arrow
41:47 Hussar
43:38 Stone Shaft Mining
43:10 Siege Engineers
42:57 Capped Ram
45:00 Siege Ram
48:09 Plate Barding Armor
49:18 Pikeman
50:42 Man-at-Arms
CTM | Franco*
5:10 Loom
12:33 Feudal Age
16:25 Castle Age
15:54 Double-Bit Axe
16:26 Horse Collar
27:05 Detinets
27:25 Scale Barding Armor
28:27 Wheelbarrow
27:38 Town Watch
27:45 Gold Mining
27:46 Stone Mining
31:34 Imperial Age
29:20 Bloodlines
30:05 Chain Barding Armor
29:56 Forging
30:44 Hand Cart
30:40 Husbandry
31:38 Gold Shaft Mining
31:09 Heavy Plow
32:21 Iron Casting
31:46 Elite Boyar
32:34 Scale Mail Armor
33:08 Bow Saw
33:34 Crop Rotation
34:14 Plate Barding Armor
34:46 Blast Furnace
34:28 Conscription
37:18 Hoardings
36:46 Fletching
39:29 Bodkin Arrow
41:00 Chain Mail Armor
41:53 Two-Man Saw
41:26 Murder Holes
41:41 Fortified Wall
44:14 Light Cavalry
45:39 Hussar
Connection lost

Rejoining the realm…

Still unreachable

The connection could not be restored.

Session expired

The server has moved on; the page needs a fresh start.